Map: [ESL] Data-C

Players

Harstem - Winner!

  • Race: Protoss Protoss
  • Spawn Location: 9:00

MeomaikA

  • Race: Zerg Zerg
  • Spawn Location: 3:00

Event: DreamHack SC2 Masters 2022 Atlanta (Offline)

VOD

Have the link to the VOD?

Description

Time

  • Played on: Nov. 18, 2022, 6:40 p.m.
  • Length: 13:58

All games in this series

Show
View Real Time Build Order
Export as new Build Order

Harstem Protoss - Winner!

Build Orders: 1 Gate Expand, Oracle Opening 

Get SALT Encoding   

  12  0:00  Probe  
  13  0:12  Probe  
  14  0:17  Pylon  
  14  0:24  Probe (Chrono Boost)  
  15  0:36  Probe (Chrono Boost)  
  15  0:38  Gateway  
  16  0:45  Probe (Chrono Boost)  
  16  0:46  Assimilator  
  17  0:54  Probe  
  18  1:06  Probe  
  19  1:18  Probe  
  20  1:23  Nexus  
  20  1:33  Cybernetics Core  
  20  1:36  Probe  
  21  1:43  Assimilator  
  21  1:48  Probe  
  21  1:52  Pylon  
  22  2:00  Probe  
  23  2:07  Adept (Chrono Boost)  
  23  2:12  Probe  
  26  2:23  Pylon  
  26  2:24  Probe  
  26  2:25  Stargate  
  26  2:28  Adept (Chrono Boost)  
  27  2:35  Probe  
  27  2:36  Probe  
  31  2:39  Warp Gate  
  31  2:48  Probe x2  
  33  3:00  Probe x2  
  35  3:06  Oracle (Chrono Boost)  
  35  3:07  Gateway  
  35  3:12  Probe x2  
  39  3:17  Shield Battery  
  40  3:21  Pylon  
  40  3:24  Probe  
  40  3:25  Probe  
  42  3:34  Oracle (Chrono Boost)  
  42  3:36  Probe  
  42  3:39  Probe  
  47  3:48  Probe  
  48  3:51  Probe  
  49  3:55  Robotics Facility  
  49  4:00  Probe  
  50  4:03  Probe  
  50  4:04  Assimilator  
  50  4:07  Assimilator  
  51  4:12  Probe  
  51  4:15  Probe  
  53  4:23  Nexus  
  53  4:24  Probe  
  53  4:25  Pylon  
  54  4:31  Pylon  
  54  4:34  Pylon  
  54  4:43  Immortal (Chrono Boost), Probe x2  
  60  4:50  Shield Battery, Adept  
  60  4:51  Robotics Bay  
  60  4:52  Adept  
  64  4:55  Probe  
  64  4:56  Probe  
  61  5:07  Probe  
  61  5:08  Probe  
  61  5:12  Adept  
  61  5:14  Void Ray (Chrono Boost)  
  68  5:19  Probe  
  68  5:20  Adept, Probe  
  72  5:26  Observer (Chrono Boost)  
  72  5:28  Pylon  
  73  5:31  Probe  
  73  5:32  Probe  
  73  5:33  Adept  
  75  5:38  Probe  
  72  5:43  Probe  
  72  5:44  Probe  
  72  5:45  Disruptor  
  79  5:50  Adept, Probe  
  79  5:55  Probe  
  81  5:57  Adept  
  81  5:59  Probe  
  84  6:10  Adept  
  84  6:13  Probe  
  84  6:15  Gateway, Probe  
  84  6:16  Gateway  
  84  6:17  Pylon  
  83  6:19  Adept  
  83  6:23  Pylon  
  83  6:26  Pylon  
  83  6:29  Pylon  
  83  6:35  Probe x2  
  85  6:40  Disruptor  
  85  6:42  Adept  
  85  6:43  Sentry  
  90  6:50  Gateway  
  90  6:51  Pylon  
  90  6:56  Probe  
  90  7:02  Cybernetics Core  
  89  7:10  Probe  
  89  7:12  Pylon  
  89  7:13  Zealot x4  
  98  7:17  Probe  
  98  7:22  Nexus, Pylon  
  99  7:27  Probe  
  100  7:31  Colossus (Chrono Boost)  
  100  7:32  Forge, Probe  
  107  7:40  Twilight Council, Sentry  
  107  7:41  Sentry x2  
  107  7:43  Shield Battery  
  113  7:46  Probe  
  114  7:52  Shield Battery  
  114  7:54  Stalker  
  114  7:56  Probe  
  117  8:01  Probe  
  118  8:11  Stalker x4  
  124  8:16  Observer  
  124  8:17  Protoss Ground Weapons Level 1 (Chrono Boost)  
  124  8:20  Pylon  
  124  8:26  Charge (Chrono Boost)  
  124  8:27  Probe  
  124  8:30  Assimilator  
  124  8:32  Gateway  
  124  8:33  Probe  
  124  8:34  Assimilator  
  126  8:39  Stalker x2  
  130  8:46  Probe  
  131  8:51  Colossus (Chrono Boost), Probe  
  139  9:05  Pylon  
  138  9:14  Pylon  
  138  9:18  Nexus  
  138  9:20  Templar Archives  
  138  9:23  Probe  
  138  9:26  Gateway  
  138  9:27  Probe  
  138  9:29  Shield Battery  
  139  9:33  Probe  
  139  9:35  Probe  
  139  9:38  Nexus  
  141  9:40  Gateway  
  141  9:41  Gateway  
  141  9:42  Gateway  
  141  9:43  Photon Cannon  
  141  9:44  Extended Thermal Lance (Chrono Boost)  
  141  9:45  Colossus  
  146  9:58  Stalker x4  
  154  10:08  Probe  
  154  10:12  Gateway  
  155  10:15  Nexus  
  155  10:16  Probe  
  155  10:20  Protoss Ground Weapons Level 2 (Chrono Boost)  
  156  10:23  Probe  
  156  10:25  Stalker x6  
  156  10:28  Pylon  
  169  10:37  Pylon  
  169  10:39  Pylon  
  169  10:43  Psionic Storm  
  169  10:46  High Templar x2  
  173  10:54  Blink  
  172  11:11  High Templar x3  
  172  11:12  High Templar  
  172  11:17  Shield Battery  
  180  11:18  Photon Cannon  
  180  11:19  Photon Cannon  
  180  11:23  Pylon  
  180  11:25  Assimilator  
  180  11:28  Assimilator  
  180  11:38  Probe  
  180  11:39  Photon Cannon  
  179  11:51  Zealot x10  
  199  12:04  Probe  
  187  12:24  Zealot x9  
  198  12:45  Zealot x2  
  198  12:47  Zealot x5, Colossus  
  194  13:02  Zealot x3  
  182  13:12  Zealot x3  
  182  13:13  Zealot x4  
  182  13:18  Probe  
  191  13:21  Photon Cannon  
  191  13:25  High Templar x3  
  191  13:38  High Templar x4  
  191  13:39  Zealot x2  
  199  13:45  Archon  
  199  13:46  Archon  
  175  13:56  Zealot  
Show
View Real Time Build Order
Export as new Build Order

MeomaikA Zerg 

Build Orders: Pool First, Roach Hydra 

Get SALT Encoding   

  12  0:00  Drone  
  13  0:12  Overlord  
  13  0:16  Drone  
  14  0:30  Drone x2  
  14  0:34  Drone  
  17  0:44  Spawning Pool  
  17  0:47  Drone  
  17  1:08  Hatchery  
  17  1:10  Drone  
  17  1:12  Extractor  
  17  1:16  Drone  
  17  1:19  Drone  
  18  1:31  Zergling x2  
  19  1:33  Queen  
  19  1:38  Drone  
  22  1:49  Overlord  
  22  2:07  Drone  
  23  2:09  Queen  
  23  2:11  Drone  
  23  2:13  Metabolic Boost  
  26  2:19  Queen  
  26  2:20  Drone  
  29  2:23  Drone  
  30  2:31  Drone  
  30  2:32  Drone  
  32  2:40  Drone x2  
  32  2:41  Drone  
  32  2:43  Drone  
  36  2:46  Overlord  
  36  3:02  Hatchery  
  36  3:03  Drone  
  36  3:06  Drone  
  36  3:10  Zergling x4  
  39  3:15  Spore Crawler  
  39  3:16  Drone  
  39  3:17  Drone  
  40  3:24  Lair  
  40  3:26  Drone  
  41  3:30  Drone x2  
  41  3:31  Drone  
  41  3:33  Extractor  
  43  3:35  Drone  
  44  3:42  Spore Crawler  
  44  3:43  Drone  
  44  3:52  Overlord  
  44  3:53  Overlord  
  44  4:12  Drone x3  
  44  4:13  Zergling x2, Drone  
  44  4:14  Zergling x8  
  44  4:17  Zergling x2  
  54  4:19  Zergling x4  
  55  4:24  Hydralisk Den, Drone  
  55  4:25  Zergling x8  
  58  4:36  Zergling x6  
  61  4:48  Overlord x3  
  61  4:53  Muscular Augments  
  61  4:57  Hydralisk x3  
  65  5:03  Hydralisk  
  65  5:06  Hydralisk x2  
  68  5:07  Hydralisk  
  68  5:10  Zergling x6  
  68  5:14  Zergling x2  
  74  5:16  Zergling x4  
  74  5:17  Zergling x2  
  74  5:20  Zergling x4  
  78  5:23  Hydralisk  
  78  5:26  Zergling x4  
  82  5:28  Zergling x2  
  82  5:30  Zergling x2  
  82  5:31  Zergling x2  
  83  5:36  Zergling x2  
  83  5:40  Hydralisk  
  83  5:41  Hydralisk  
  81  5:45  Zergling x2  
  82  5:52  Zergling x2  
  82  5:56  Zergling x4  
  85  5:59  Zergling x6  
  86  6:07  Zergling x4  
  86  6:09  Drone  
  86  6:12  Drone x2  
  86  6:13  Hydralisk  
  86  6:14  Overlord  
  86  6:15  Grooved Spines, Overlord  
  87  6:19  Drone  
  87  6:20  Drone  
  87  6:21  Overlord  
  88  6:28  Drone  
  89  6:35  Drone x8  
  96  6:40  Zergling x2  
  96  6:41  Overlord  
  96  6:45  Drone  
  96  6:47  Roach Warren  
  96  6:51  Drone  
  96  6:52  Drone x2  
  96  6:53  Zergling x2, Drone  
  90  6:55  Zergling x2  
  90  6:58  Zergling x6  
  90  7:01  Zergling x2  
  87  7:02  Zergling x2  
  87  7:03  Zergling x4  
  87  7:06  Zergling x4  
  87  7:07  Evolution Chamber  
  91  7:16  Drone x2  
  92  7:25  Zergling x6, Hatchery  
  92  7:26  Glial Reconstitution  
  92  7:28  Zergling x2  
  92  7:29  Drone x2  
  96  7:30  Spore Crawler, Drone  
  96  7:37  Zerg Melee Weapons Level 1  
  96  7:38  Zergling x12  
  96  7:40  Drone  
  103  7:51  Drone x4  
  103  7:53  Queen  
  109  8:11  Drone x10  
  118  8:21  Roach, Overlord x3  
  118  8:22  Overlord  
  118  8:25  Hatchery  
  118  8:26  Infestation Pit, Evolution Chamber  
  117  8:27  Extractor  
  116  8:37  Zergling x2  
  116  8:38  Zergling x12, Roach  
  116  8:39  Roach, Overlord  
  127  8:46  Roach x2  
  131  8:51  Roach x2  
  131  8:53  Roach x2  
  131  8:55  Roach x2  
  143  8:59  Roach x3  
  143  9:00  Roach x3  
  153  9:05  Overlord  
  153  9:10  Overlord  
  153  9:11  Zerg Missile Weapons Level 1  
  153  9:12  Overlord  
  153  9:13  Roach x4  
  161  9:17  Hive  
  161  9:27  Zergling x16  
  161  9:28  Zergling x6  
  161  9:29  Zergling x2  
  173  9:31  Drone  
  173  9:35  Drone x3  
  173  9:37  Overlord  
  177  9:40  Zergling x6  
  177  9:44  Zergling x6  
  183  9:47  Zerg Melee Weapons Level 2  
  170  10:01  Drone  
  170  10:02  Drone x12  
  179  10:15  Spore Crawler  
  179  10:20  Spore Crawler  
  176  10:33  Viper x2  
  176  10:34  Zergling x34  
  199  10:44  Hatchery, Ravager  
  199  10:55  Adrenal Glands  
  198  11:16  Zerg Missile Weapons Level 2  
  198  11:17  Zergling x2  
  168  12:22  Zergling x74  
  171  12:30  Extractor  
  171  12:35  Zergling x6  
  171  12:36  Zergling x4, Hydralisk  
  175  12:43  Roach x2  
  174  12:44  Roach x4, Overlord  
  174  12:47  Roach x2  
  179  12:53  Zergling x2  
  179  12:54  Zergling x2  
  180  13:10  Zergling x2  
  180  13:11  Zergling x2, Roach x2  
  180  13:12  Zergling x16  
  140  13:13  Zergling x2  
  140  13:15  Roach  
  140  13:16  Roach  
  131  13:22  Roach  
  131  13:24  Zergling x2  
  125  13:29  Zergling x2  
  125  13:30  Zergling x2  
  125  13:31  Roach  
  125  13:33  Roach x3  
  124  13:37  Roach x2  
  124  13:38  Roach  
  124  13:39  Zergling x2  
  124  13:40  Zergling x4  
  129  13:45  Hatchery  
  125  13:48  Extractor  
Tags
 
Add a new tag
Caveats
  • Supply blocks, unpowered buildings, or Contaminate may cause inaccurate times.
  • Supply counts are checked every 10 seconds.